 Dungeon Crawl Stone Soup version 0.23-a0-582-g1b4a0ca (webtiles) character file.

9732 Elitist the Impaler (level 11, -4/90 HPs)
             Began as a Merfolk Gladiator on Dec 16, 2018.
             Was a Priest of Ashenzari.
             Killed from afar by a fire dragon (47 damage)
             ... with a blast of flame
             ... on level 10 of the Dungeon.
             The game lasted 00:29:08 (13460 turns).

Elitist the Impaler (Merfolk Gladiator)            Turns: 13460, Time: 00:29:09

Health: -4/90      AC:  6    Str: 17    XL:     11   Next: 51%
Magic:  14/14      EV: 23    Int:  8    God:    Ashenzari [***...]
Gold:   784        SH:  5    Dex: 21    Spells: 10/10 levels left

rFire    . . .     SeeInvis +   K - +5 halberd (freeze) (curse)
rCold    . . .     Gourm    .   (shield currently unavailable)
rNeg     . . .     Faith    .   M - +0 troll leather armour
rPois    +         Spirit   .   c - +0 helmet
rElec    .         Reflect  +   (no cloak)
rCorr    .         Harm     .   (no gloves)
MR       .....                  (no boots)
Stlth    ++++......             k - +5 amulet of reflection (curse)
HPRegen  0.65/turn              w - ring of poison resistance (curse)
MPRegen  0.14/turn              (no ring)

@: agile
A: change form in water, swift swim, stealthy swim
a: Curse Item, Scrying, Renounce Religion


You were on level 10 of the Dungeon.
You worshipped Ashenzari.
Ashenzari was most pleased with you.
You were not hungry.

You visited 2 branches of the dungeon, and saw 11 of its levels.
You also visited: Sewer and Ossuary.

You collected 784 gold pieces.

Inventory:

Hand Weapons
 K - a cursed +5 halberd of freezing (weapon)
Missiles
 d - 2 throwing nets (quivered)
Armour
 c - a +0 helmet (worn)
 M - a +0 troll leather armour (worn)
Jewellery
 b - an uncursed ring of ice
 k - a cursed +5 amulet of reflection (around neck)
 w - a cursed ring of poison resistance (left hand)
 F - an uncursed ring of wizardry
Wands
 t - a wand of disintegration (1)
 u - a wand of flame (11)
 A - a wand of random effects (13)
 G - a wand of digging (10)
Scrolls
 f - a scroll of magic mapping
 g - 7 scrolls of teleportation
 l - a scroll of fear
 m - 5 scrolls of remove curse
 o - 4 scrolls of fog
 y - 3 scrolls of amnesia
 C - a scroll of holy word
Potions
 j - 8 potions of curing
 n - 4 potions of magic
 p - 4 potions of haste
 q - 3 potions of brilliance
 r - 3 potions of heal wounds
 s - a potion of lignification
 v - 4 potions of flight
 x - a potion of might
 z - 2 potions of cancellation
 B - a potion of ambrosia
 D - a potion of mutation
Comestibles
 e - 18 rations
 L - 11 chunks of flesh


   Skills:
 - Level 10.0 Fighting
 - Level 16.0(19.2) Polearms
 - Level 2.0 Throwing
 * Level 4.4 Armour
 - Level 8.0 Dodging
 + Level 4.8 Stealth
 + Level 4.0(5.8) Evocations


You had 10 spell levels left.
You didn't know any spells.
Your spell library contained the following spells:

 Spells                   Type           Power        Failure   Level  Hunger
 Magic Dart               Conj           #...         43%         1    ##.....
 Blink                    Tloc           N/A          58%         2    ###....
 Call Imp                 Summ           #.......     58%         2    ###....
 Slow                     Hex            #.......     58%         2    ###....
 Conjure Flame            Conj/Fire      #.......     82%         3    ####...
 Mephitic Cloud           Conj/Pois/Air  #.......     82%         3    ####...


Dungeon Overview and Level Annotations

Branches:
Dungeon (10/15)            Temple (1/1) D:4
   Lair: D:8-11         Orc: D:9-12

Altars:
Ashenzari
Cheibriados
Dithmenos
Elyvilon
Fedhas
Gozag
Hepliaklqana
Kikubaaqudgha
Makhleb
Nemelex Xobeh
Okawaru
Qazlal
Ru
Sif Muna
Trog
Uskayaw
Vehumet
Xom
Yredelemnul
Zin
The Shining One

Shops:
D:4 [   D:7 (   D:8 ?

Portals:
Trove: D:10 (give 5 scrolls of blinking)

Annotations:
D:6 exclusion: oklob plant


Message History

The fire dragon claws you but does no damage.
The fire dragon closely misses you. The adder zombie closely misses you.
Unknown command.
Unknown command.
You slice the great orb of eyes!! You freeze the great orb of eyes!
The great orb of eyes is severely wounded.
The great orb of eyes gazes at you.
You struggle to resist.
You block the adder zombie's attack.
You puncture the great orb of eyes! You freeze the great orb of eyes.
The great orb of eyes is almost dead.
The fire dragon bites you! The fire dragon claws you.
The fire dragon closely misses you.
Unknown command.
You feel agile all of a sudden. The adder zombie misses you.
The great orb of eyes barely misses you.
The fire dragon breathes flames at you. The blast of flame hits you!
Ouch! That really hurt!
You die...

.., * #, * #..# .
##..######.###############
.,
..........................
######.#########.########
* , * #.#.## ####.######.#
#.###.## #....#..##.#. ,
#.##.##.###)รท#....#*.#.
..
#.##||G##.###[####.###.#
..
..##.:8Z@.#......#....#.#
.. ..#
##|}D##.##.####.###.#. ..
##.# ###.)..#..##.#. * , ,
* * ## #..#....###.# *, ,
** , ####.#### #.# * * *
##,#### ####.########
.,*,, *###. ..###........#
,, .*,
,...###.##...#####.#,,
.##, , , ##.#.#.##..##, ,
*


You could see a fire dragon, a great orb of eyes and an adder zombie.

Vanquished Creatures
  A vault guard (D:10)
  A two-headed ogre (D:10)
  Pikel (D:7)
  2 trolls
  Prince Ribbit (D:6)
  Grinder (D:4)
  2 hippogriffs (D:10)
  A wyvern (D:9)
  A wraith (D:10)
  A human (D:7)
  4 hogs (D:7)
  A yak (D:10)
  A water moccasin (D:10)
  Duvessa (D:7)
  2 orc warriors
  A slave (D:7)
  An ice beast (D:8)
  A black bear (D:8)
  3 sky beasts
  4 phantoms
  2 necrophages
  6 ogres
  2 centaurs
  A big kobold (D:7)
  A gnoll sergeant (D:10)
  10 bullfrogs
  A water moccasin zombie (D:10)
  Dowan (D:7)
  A wyvern skeleton (D:8)
  A scorpion (D:5)
  4 killer bees
  2 wights (D:10)
  6 howler monkeys
  3 crimson imps
  A bullfrog zombie (D:10)
  9 hounds
  11 jellies
  5 orc wizards
  2 quasits
  3 orc priests
  A bullfrog skeleton (D:7)
  Jessica (D:3)
  A centaur skeleton (D:10)
  2 iguanas (D:8)
  Terence (D:3)
  Natasha (thrice) (D:3)
  6 worker ants
  A killer bee zombie (D:6)
  A hound zombie (D:10)
  9 mummies
  Robin (D:3)
  2 worker ant zombies (D:9)
  9 gnolls
  16 adders
  4 river rats (Sewer)
  2 shadow imps
  15 oozes
  4 worms (D:3)
  2 dart slugs
  4 leopard geckos
  28 orcs
  10 ball pythons (Sewer)
  11 giant cockroaches
  17 goblins
  14 hobgoblins
  12 jackals
  4 quokkas
  8 bats
  12 frilled lizards
  A giant cockroach zombie (D:5)
  4 hobgoblin zombies (Ossuary)
  A jackal skeleton (D:4)
  14 kobolds
  3 kobold zombies (Ossuary)
  A leopard gecko zombie (D:9)
  An orc zombie (Ossuary)
  34 rats
363 creatures vanquished.

Vanquished Creatures (others)
  A centaur (D:10)
  2 kobolds (D:7)
  6 fungi (D:6)
9 creatures vanquished.

Grand Total: 372 creatures vanquished

Notes
Turn   | Place    | Note
-------+----------+-------------------------------------------
     0 | D:1      | Elitist the Merfolk Gladiator began the quest for the Orb.
     0 | D:1      | Reached XP level 1. HP: 16/16 MP: 1/1
   217 | D:1      | Reached XP level 2. HP: 23/23 MP: 2/2
   257 | D:1      | Reached skill level 5 in Polearms
   305 | D:1      | Reached XP level 3. HP: 20/29 MP: 3/3
   391 | D:1      | Found a snail-covered altar of Cheibriados.
   747 | D:2      | Found a shattered altar of Ashenzari.
   951 | D:2      | Became a worshipper of Ashenzari the Shackled
  1167 | D:2      | Reached XP level 4. HP: 26/36 MP: 4/4
  1292 | D:2      | Reached skill level 6 in Polearms
  1609 | D:3      | Noticed Jessica
  1647 | D:3      | Found a glowing drain.
  1737 | Sewer    | Entered a sewer
  1839 | Sewer    | Reached XP level 5. HP: 42/42 MP: 5/5
  1963 | Sewer    | HP: 2/43 [river rat (1)]
  2416 | Sewer    | Reached skill level 7 in Polearms
  2416 | Sewer    | Reached XP level 6. HP: 28/50 MP: 6/6
  2424 | Sewer    | Reached skill level 5 in Fighting
  2893 | D:3      | Killed Jessica
  2893 | D:3      | Reached skill level 8 in Polearms
  2912 | D:3      | Noticed Natasha
  2931 | D:3      | Killed Natasha
  3117 | D:3      | Noticed Robin
  3217 | D:3      | Noticed Natasha
  3254 | D:3      | Reached XP level 7. HP: 40/56 MP: 7/7
  3492 | D:3      | Killed Natasha
  3627 | D:3      | Noticed Natasha
  3627 | D:3      | Noticed Terence
  3656 | D:3      | Killed Terence
  3661 | D:3      | Killed Natasha
  4160 | D:3      | Reached * piety under Ashenzari
  4333 | D:3      | Killed Robin
  4391 | D:4      | Found a staircase to the Ecumenical Temple.
  4408 | D:4      | Reached skill level 9 in Polearms
  4466 | Temple   | Entered the Ecumenical Temple
  4737 | D:4      | Found Comp's Armour Shop.
  4807 | D:4      | Found a shimmering altar of Xom.
  4807 | D:4      | Found a stormy altar of Qazlal.
  4852 | D:4      | Reached skill level 5 in Dodging
  4949 | D:4      | Noticed Grinder
  4952 | D:4      | Killed Grinder
  4952 | D:4      | Reached skill level 10 in Polearms
  4952 | D:4      | Reached XP level 8. HP: 54/65 MP: 8/8
  5064 | D:5      | Entered Level 5 of the Dungeon
  5341 | D:5      | Found a hazy altar of Hepliaklqana.
  5780 | D:6      | Found a sand-covered staircase.
  5806 | Ossuary  | Entered an ossuary
  6035 | Ossuary  | Reached skill level 11 in Polearms
  6215 | D:6      | Reached ** piety under Ashenzari
  6244 | D:6      | Noticed Prince Ribbit
  6261 | D:6      | Killed Prince Ribbit
  6675 | D:6      | Reached XP level 9. HP: 50/72 MP: 9/9
  6839 | D:6      | Reached skill level 12 in Polearms
  6905 | D:6      | Noticed an oklob plant
  8188 | D:7      | Found a blossoming altar of Fedhas.
  8481 | D:7      | Noticed Dowan
  8484 | D:7      | Noticed Duvessa
  8495 | D:7      | Killed Duvessa
  8495 | D:7      | Reached skill level 13 in Polearms
  8497 | D:7      | Killed Dowan
  8994 | D:7      | Reached skill level 14 in Polearms
  9002 | D:7      | Reached XP level 10. HP: 75/82 MP: 10/10
  9429 | D:7      | Noticed Pikel
  9446 | D:7      | Killed Pikel
  9446 | D:7      | Reached skill level 15 in Polearms
  9625 | D:7      | Found Xeycuq's Weapon Shoppe.
 10036 | D:7      | Found an iron altar of Okawaru.
 10399 | D:8      | Found Muashaxe's Island Escapes.
 10776 | D:8      | Found Qeitymis's Magic Scroll Emporium.
 11211 | D:9      | Reached skill level 10 in Fighting
 11211 | D:9      | Reached skill level 16 in Polearms
 11676 | D:9      | Reached skill level 1 in Stealth
 11840 | D:9      | Reached *** piety under Ashenzari
 11878 | D:10     | Entered Level 10 of the Dungeon
 11895 | D:10     | Reached skill level 1 in Armour
 11895 | D:10     | Reached skill level 1 in Evocations
 12729 | D:9      | Reached XP level 11. HP: 54/90 MP: 12/12
 12840 | D:10     | Noticed a vault guard
 12852 | D:10     | Killed a vault guard
 12859 | D:10     | Found a portal to a secret trove of treasure.
 13382 | D:10     | Noticed a two-headed ogre
 13390 | D:10     | Killed a two-headed ogre
 13451 | D:10     | Noticed a fire dragon
 13452 | D:10     | Noticed a great orb of eyes
 13460 | D:10     | Killed from afar by a fire dragon

Vault maps used:
D:1:      nagdon_arrival_zigzag_paths, serial_corexii_hall,
          corexii_hall_statues_deadend, corexii_hall_statues_s,
          cheibriados_altar_1
D:2:      ashenzari_conservatory_becter
D:3:      cheibrodos_sewer_entry_bend, uniq_jessica, uniq_terence, uniq_robin,
          uniq_natasha
D:4:      gammafunk_temple_overflow_wave, temple_fountains, serial_shops,
          kennysheep_little_box, first_ration, minmay_misc_feat_hallway,
          uniq_grinder
D:5:      lemuel_doored_altar
D:6:      lemuel_slime, gup_ossuary_entry_pyramid, uniq_prince_ribbit1
D:7:      fedhas_altar_2, nicolae_overflow_hidden_temple, serial_shops, shop,
          grunt_livestock, okawaru_altar_gauntlet_db, uniq_pikel, uniq_duvessa
D:8:      serial_glass, glass_columns_b, glass_columns_a, serial_shops, shop,
          nicolae_island_escapes
D:9:      chequers_garden, hive_lemuel
D:10:     minmay_the_grid_4x2, enter_trove_5
Temple:   eino_temple_rhombus
Sewer:    sewer_minmay_w
Ossuary:  ossuary_tomb_3

Skill      XL: |  1  2  3  4  5  6  7  8  9 10 11 |
---------------+----------------------------------+-----
Polearms       | 5 6 7 8 10 11 14 16 | 16.0
Fighting       | 3 4 5 6 7 8 10 | 10.0
Dodging        | 5 7 8 |  8.0
Stealth        | 2 4 |  4.8
Armour         | 2 4 |  4.4
Evocations     | 2 4 |  4.0
Throwing       | |  2.0

Action                   |  1- 3 |  4- 6 |  7- 9 | 10-12 || total
-------------------------+-------+-------+-------+-------++-------
Melee: Trident           |   127 |   273 |   634 |   429 ||  1463
       Tailslap          |       |    12 |     4 |       ||    16
       Halberd           |       |       |       |   111 ||   111
Throw: Throwing net      |       |       |     2 |       ||     2
Invok: Curse Item        |       |     1 |     1 |       ||     2
Evoke: Wand              |       |       |     9 |     5 ||    14
  Use: Scroll            |       |     3 |    16 |     4 ||    23
       Potion            |       |     4 |     1 |     5 ||    10
 Stab: Sleeping          |     3 |     2 |     1 |     6 ||    12
       Held in net/web   |       |       |     1 |       ||     1
       Distracted        |       |       |     2 |       ||     2
  Eat: Chunk             |     1 |     7 |    15 |    11 ||    34
       Ration            |       |       |     1 |     1 ||     2
Armor: Leather armour    |    20 |    34 |    46 |    14 ||   114
       Scale mail        |       |       |       |    38 ||    38
       Troll leather arm |       |       |       |    13 ||    13
Dodge: Dodged            |    62 |   265 |   262 |   237 ||   826
Block: Other             |    11 |    72 |    67 |    73 ||   223
       Reflection        |       |       |     1 |     9 ||    10

Table legend:
 A = Non-vault XP
 B = Vault XP
 C = Vault XP percentage of total XP
 D = Non-vault monster count
 E = Vault monster count
 F = Vault count percentage of total count
                 A         B        C        D         E       F
            +---------+---------+-------+---------+---------+-------
      Total |    7016 |    6888 |  49.5 |     224 |     139 |  38.3
            +---------+---------+-------+---------+---------+-------
        D:1 |      54 |       0 |   0.0 |      29 |       0 |   0.0
        D:2 |      58 |       0 |   0.0 |      22 |       0 |   0.0
        D:3 |     184 |     150 |  44.9 |      36 |      16 |  30.8
        D:4 |     234 |     249 |  51.6 |      12 |       1 |   7.7
        D:5 |     234 |       0 |   0.0 |       8 |       0 |   0.0
        D:6 |     784 |     668 |  46.0 |      18 |      22 |  55.0
        D:7 |    1229 |    1858 |  60.2 |      32 |      14 |  30.4
        D:8 |    1011 |       0 |   0.0 |      23 |       0 |   0.0
        D:9 |    1480 |      40 |   2.6 |      23 |       1 |   4.2
       D:10 |    1748 |    3427 |  66.2 |      21 |      21 |  50.0
      Sewer |       0 |     343 | 100.0 |       0 |      48 | 100.0
    Ossuary |       0 |     153 | 100.0 |       0 |      16 | 100.0
            +---------+---------+-------+---------+---------+-------
